AoeStats
← Drovka

Arena

507855140Analyzed
4v4 RM · 11d ago on Sep 19, 2026· 28m 1s· 8 players
Game mode
Random Map
Map size
Large (8 player)
Population
200
Speed
Normal
Resources
Standard
Victory
Conquest
Starting age
Dark Age
Ending age
Imperial Age
RankedLock teamsTeams togetherTeam positionsShared explorationLock speedFull tech treeHidden civsTurbo modeCheats
Victory
Defeat
🇧🇪 Slavs · Belgium
1326
+12
🇬🇧 Malians · United Kingdom
1285
+14
🇨🇦 Hindustanis · Canada
1186
+18
🇺🇸 Chinese · United States
1057
+22
🇨🇴 Turks · Colombia
1286
-19
🇨🇴 Malay · Colombia
1270
-18
🇨🇳 Poles · China
1199
-15
🇫🇷 Mongols · France
1165
-14
Drovka
3:54 Loom
10:47 Feudal Age
15:33 Castle Age
13:47 Double-Bit Axe
14:11 Horse Collar
16:27 Bow Saw
23:08 Wheelbarrow
24:20 Scale Barding Armor
25:40 Town Watch
redwolfliu
10:57 Feudal Age
11:36 Double-Bit Axe
11:59 Horse Collar
15:41 Castle Age
16:40 Wheelbarrow
16:45 Heavy Plow
17:24 Bow Saw
19:22 Gold Mining
21:35 Loom
MZTK | John_Wick
12:30 Feudal Age
13:11 Town Watch
16:51 Castle Age
16:48 Loom
21:09 Imperial Age
18:46 Double-Bit Axe
20:57 Wheelbarrow
23:36 Scale Barding Armor
25:41 Forging
26:03 Fletching
magrebin-974
10:38 Feudal Age
16:47 Castle Age
15:15 Double-Bit Axe
15:44 Horse Collar
16:28 Scale Barding Armor
17:24 Forging
17:32 Loom
18:44 Wheelbarrow
19:54 Bow Saw
23:25 Chain Barding Armor
Herr_Gedoens
11:01 Feudal Age
16:45 Castle Age
15:51 Loom
16:51 Crossbowman
19:29 Double-Bit Axe
23:20 Fletching
25:14 Gold Mining
25:34 Padded Archer Armor
trashypanda
10:47 Feudal Age
9:05 Loom
11:00 Feudal Age
9:17 Loom
12:10 Double-Bit Axe
12:57 Horse Collar
15:25 Castle Age
14:01 Scale Barding Armor
16:23 Husbandry
17:02 Bow Saw
19:39 Heavy Plow
21:09 Chain Barding Armor
21:43 Bloodlines
21:57 Husbandry
22:59 Forging
24:35 Wheelbarrow
25:41 Light Cavalry
LanaAio
10:46 Feudal Age
14:19 Castle Age
12:19 Double-Bit Axe
12:59 Horse Collar
17:41 Squires
17:02 Pikeman
17:23 Man-at-Arms
18:45 Scale Mail Armor
20:42 Long Swordsman
23:48 Loom
25:02 Wheelbarrow
25:36 Heavy Plow
28:42 Chain Mail Armor
28:38 Forging
Alotta Fagina
10:49 Feudal Age
14:42 Castle Age
13:21 Double-Bit Axe
13:49 Horse Collar
14:03 Gold Mining
15:58 Bow Saw
22:19 Squires
23:21 Fletching
23:43 Forging
24:08 Scale Mail Armor
Connection lost

Rejoining the realm…

Still unreachable

The connection could not be restored.

Session expired

The server has moved on; the page needs a fresh start.